 Dungeon Sprint DCSS version 0.18-a0-1745-gffa9a88 (webtiles) character file.

581 pipel the Thrower (level 7, 0/75 HPs)
             Began as an Ogre Hunter on Apr 11, 2016.
             Was a Priest of Okawaru.
             Slain by a yak (17 damage)
             ... in the Dungeon (Sprint VII: "The Pits").
             The game lasted 00:01:56 (464 turns).

pipel the Thrower (Ogre Hunter)                      Turns: 464, Time: 00:01:56

Health: 0/75       AC:  3    Str: 20    XL:     7   Next: 36%
Magic:  4/7        EV: 13    Int: 10    God:    Okawaru [***...]
Gold:   0          SH:  0    Dex: 10    Spells: 0 memorised, 6 levels left

rFire  . . .     SeeInvis .     l - +2 mace
rCold  . . .     Gourm    .     b - +0 robe
rNeg   . . .     Faith    .     (no shield)
rPois  .         Spirit   .     (helmet restricted)
rElec  .         Dismiss  .     (no cloak)
rCorr  .         Reflect  .     (gloves unavailable)
SustAt .         Harm     .     (boots unavailable)
MR     .....     NoTele   +     (no amulet)
Stlth  ++........               (no ring)
                                (no ring)

@: heroism, not resistant to hostile enchantments, unstealthy
A: unfitting armour, tough skin 1
a: Heroism, Renounce Religion


You were in the Dungeon.
You worshipped Okawaru.
Okawaru was most pleased with you.
You were not hungry.

You visited 1 branch

Inventory:

Hand Weapons
 a - a +0 short sword
 l - a +2 mace (weapon)
Missiles
 p - 10 stones (quivered)
Armour
 b - a +0 robe (worn)
Magical Staves
 q - a cursed staff of energy
Scrolls
 r - 3 scrolls of remove curse
 s - 5 scrolls of amnesia
 t - a scroll of summoning
Potions
 e - a potion of curing
 h - a potion of haste
 i - 4 potions of magic
 j - 2 potions of berserk rage
 o - a potion of invisibility
Comestibles
 f - 8 bread rations
 m - 40 fruits
 n - 7 meat rations


   Skills:
 + Level 6.3(11.3) Fighting
 + Level 2.1(7.1) Maces & Flails
 + Level 13.6(18.6) Throwing
 + Level 4.9(9.9) Dodging
 - Level 1.7(6.7) Stealth
 + Level 0.2 Invocations


You had 6 spell levels left.
You didn't know any spells.

Dungeon Overview and Level Annotations

Branches:
Dungeon (1/1)

Altars:
Ashenzari
Cheibriados
Dithmenos
Elyvilon
Fedhas
Gozag
Kikubaaqudgha
Makhleb
Nemelex Xobeh
Okawaru
Pakellas
Qazlal
Ru
Sif Muna
Trog
Vehumet
Xom
Yredelemnul
Zin
The Shining One
Beogh
Jiyva
Lugonu


Innate Abilities, Weirdness & Mutations

You are too large for most types of armour.
You have tough skin (AC +1).


Message History

You throw a throwing net. The throwing net hits the yak.
The yak is caught in the net!
You thump the yak!
The yak is moderately wounded.
The yak struggles against the net.
You hit the yak.
The yak is moderately wounded.
The yak struggles against the net.
You sock the yak!
The yak is heavily wounded.
The yak struggles against the net. x2
The helpless yak fails to defend itself.
You hit the yak.
The yak is severely wounded.
The yak struggles against the net.
The net rips apart, and the yak comes free!
You sock the yak! You punch the yak.
The yak is almost dead.
The yak gores you!
You die...

############
#_____Y____#
#__________#
#_#####'##############
#_#)))'.'..##.........
#_#)).#.#?.##......#..
#######'#####.........
#....@YY...((.........
#'#####+#####......#..
#.# #......... #.#
####'##### #.#
#.......# #.#
#.......# #.#
#.......# #.#
#...<...# #.#
#.......#


You could see 2 yaks.

Vanquished Creatures
  4 yaks (D)
  A giant cockroach zombie (D)
5 creatures vanquished.

Notes
Turn   | Place    | Note
--------------------------------------------------------------
     0 | D        | pipel the Ogre Hunter began the quest for the Orb.
     0 | D        | Reached XP level 1. HP: 22/22 MP: 1/1
    32 | D        | Found a sacrificial altar of Ru.
    32 | D        | Found a basalt altar of Yredelemnul.
    32 | D        | Found a glowing golden altar of the Shining One.
    32 | D        | Found a deep blue altar of Sif Muna.
    32 | D        | Found a burning altar of Makhleb.
    32 | D        | Found an ancient bone altar of Kikubaaqudgha.
    32 | D        | Found a glowing silver altar of Zin.
    33 | D        | Found a shadowy altar of Dithmenos.
    33 | D        | Found a bloodstained altar of Trog.
    33 | D        | Found a shattered altar of Ashenzari.
    33 | D        | Found a white marble altar of Elyvilon.
    33 | D        | Found a snail-covered altar of Cheibriados.
    33 | D        | Found a blossoming altar of Fedhas.
    33 | D        | Found a radiant altar of Vehumet.
    33 | D        | Found a shimmering altar of Xom.
    33 | D        | Found a sparkling altar of Nemelex Xobeh.
    33 | D        | Found a corrupted altar of Lugonu.
    33 | D        | Found a viscous altar of Jiyva.
    33 | D        | Found a roughly hewn altar of Beogh.
    33 | D        | Found an iron altar of Okawaru.
    34 | D        | Found an oddly glowing altar of Pakellas.
    37 | D        | Found a stormy altar of Qazlal.
    38 | D        | Found an opulent altar of Gozag.
    40 | D        | Became a worshipper of Warmaster Okawaru
    74 | D        | Noticed a yak
    74 | D        | Noticed a yak
    74 | D        | Noticed a yak
    75 | D        | Noticed a yak
    89 | D        | Noticed a yak
    89 | D        | Noticed a yak
    93 | D        | Killed a yak
    93 | D        | Reached * piety under Okawaru
    93 | D        | Reached skill level 10 in Throwing
    93 | D        | Reached skill level 1 in Stealth
    93 | D        | Reached XP level 2. HP: 18/33 MP: 2/2
    93 | D        | Reached XP level 3. HP: 23/40 MP: 3/3
    93 | D        | Reached XP level 4. HP: 28/49 MP: 4/4
    93 | D        | Reached XP level 5. HP: 31/55 MP: 5/5
   109 | D        | Killed a yak
   109 | D        | Reached ** piety under Okawaru
   109 | D        | Reached skill level 5 in Fighting
   109 | D        | Reached skill level 1 in Maces & Flails
   109 | D        | Reached skill level 11 in Throwing
   109 | D        | Reached XP level 6. HP: 16/66 MP: 6/6
   110 | D        | Killed a yak
   110 | D        | Reached skill level 13 in Throwing
   110 | D        | Reached XP level 7. HP: 19/74 MP: 7/7
   112 | D        | HP: 1/74 [yak (9)]
   457 | D        | Killed a yak
   457 | D        | Reached *** piety under Okawaru
   464 | D        | Slain by a yak

Vault maps used:
D:        pitsprint

Skill      XL: |  1  2  3  4  5  6  7 |
---------------+----------------------+-----
Fighting       | 4 5 6 |  6.3
Throwing       | 10 11 13 | 13.6
Dodging        | 3 4 |  4.9
Stealth        | 1 |  1.7
Maces & Flails | 1 2 |  2.1
Invocations    | |  0.2

Action                   |  1- 3 |  4- 6 |  7- 9 || total
-------------------------+-------+-------+-------++-------
Melee: Mace              |     5 |     7 |    14 ||    26
       Short sword       |     3 |       |       ||     3
Throw: Large rock        |       |     4 |     1 ||     5
       Throwing net      |       |       |     2 ||     2
Invok: Heroism           |       |       |     2 ||     2
  Use: Potion            |     2 |     1 |       ||     3
       Scroll            |       |       |     1 ||     1
 Stab: Invisible         |     1 |       |       ||     1
       Held in net/web   |       |       |     1 ||     1
